 Dungeon Crawl Stone Soup version 0.28.0-53-g5a82cb258f (webtiles) character file.

Game seed: 8334682747637804387

3125 DildoBatman the Magician (level 10, -2/74 HPs)
             Began as a Formicid Conjurer on July 12, 2022.
             Was a Follower of Kikubaaqudgha.
             Slain by a black mamba (shapeshifter) (14 damage)
             ... on level 8 of the Dungeon.
             The game lasted 00:25:43 (8081 turns).

DildoBatman the Magician (Formicid Conjurer)        Turns: 8081, Time: 00:25:44

Health: -2/74      AC: 10    Str: 12    XL:     10   Next: 14%
Magic:  20/20      EV: 13    Int: 25    God:    Kikubaaqudgha [*.....]
Gold:   430        SH:  0    Dex: 13    Spells: 17/23 levels left

rFire   + . .      SeeInvis +   a - +4 spear (freeze)
rCold   . . .      Faith    .   (no shield)
rNeg    . . .      Spirit   .   w - +0 robe {rF+}
rPois   .          Reflect  .   (helmet unavailable)
rElec   .          Harm     .   (no cloak)
rCorr   .          Rampage  .   I - +0 pair of gloves
Will    +....                   s - +2 pair of boots of Altruism {Int+7}
Stlth   ++........              (no amulet)
HPRegen 0.22/turn               o - ring of wizardry
MPRegen 0.17/turn               H - +4 ring of protection

@: flying
A: permanent stasis, dig shafts and tunnels, antennae 3, four strong arms
a: Dig, Shaft Self, Renounce Religion, Receive Corpses


You were on level 8 of the Dungeon.
You worshipped Kikubaaqudgha.
Kikubaaqudgha was aware of your devotion.
You visited 2 branches of the dungeon, and saw 9 of its levels.

You collected 430 gold pieces.

Inventory:

Hand Weapons
 a - a +4 spear of freezing (weapon)
 b - a +0 hunting sling
 d - a +3 great sword
Missiles
 e - 144 arrows
 i - 126 bolts
 t - 113 sling bullets
 v - 75 stones
 F - 6 atropa-tipped darts
 M - 5 javelins
Armour
 s - the +2 pair of boots of Altruism (worn) {Int+7}
   (You found it on level 3 of the Dungeon)

   Int:       It affects your intelligence (+7).
 w - a +0 robe of fire resistance (worn)
 I - a +0 pair of gloves (worn)
 K - a +0 robe of cold resistance
Magical Staves
 G - a staff of cold
Jewellery
 o - a ring of wizardry (left hand)
 H - a +4 ring of protection (right hand)
Wands
 y - a wand of mindburst (6)
 A - a wand of flame (25)
Scrolls
 g - a scroll of teleportation {unknown}
 l - 2 scrolls of fog {unknown}
 m - a scroll of silence
 n - a scroll of acquirement {unknown}
 q - 2 scrolls of enchant armour
 r - 2 scrolls of noise {unknown}
 u - a scroll of amnesia {unknown}
 x - a scroll of summoning {unknown}
 z - a scroll of identify
 C - 2 scrolls of enchant weapon {unknown}
 D - 2 scrolls of magic mapping {unknown}
Potions
 f - a potion of attraction {unknown}
 h - a potion of mutation {unknown}
 j - a potion of haste
 k - a potion of cancellation {unknown}
 p - 3 potions of resistance
 B - a potion of flight
 E - a potion of degeneration {unknown}
 J - a potion of berserk rage
 N - a potion of invisibility {unknown}
 O - a potion of lignification {unknown}


   Skills:
 - Level 5.0 Fighting
 * Level 1.2 Polearms
 * Level 5.1 Armour
 * Level 3.9 Dodging
 - Level 2.4 Stealth
 - Level 7.0 Spellcasting
 - Level 6.0 Conjurations
 * Level 2.9 Necromancy
 - Level 6.0 Fire Magic


You had 17 spell levels left.
You knew the following spells:

 Your Spells              Type           Power      Damage    Failure   Level
a - Searing Ray           Conj           76%        2d7       1%          2
b - Conjure Flame         Conj/Fire      38%        6-21      1%          3
c - Magic Dart            Conj           100%       1d8       1%          1

Your spell library contained the following spells:

 Spells                   Type           Power      Damage    Failure   Level
 Animate Skeleton         Necr           46%        N/A       1%          1
 Sublimation of Blood     Necr           23%        N/A       1%          2
 Corpse Rot               Necr/Air       32%        N/A       2%          2
 Dazzling Flash           Conj/Hex       46%        N/A       2%          3
 Vampiric Draining        Necr           23%        2d7       2%          3
 Sticky Flame             Conj/Fire      38%        2d6       2%          4
 Ignite Poison            Fire/Tmut/Pois 18%        N/A       3%          3
 Fulminant Prism          Conj/Hex       11%        3d9       8%          4
 Iskenderun's Mystic Bla  Conj/Tloc      23%        2d6       8%          4
 Confusing Touch          Hex            8%         N/A       9%          3
 Ozocubu's Armour         Ice            8%         N/A       9%          3
 Summon Ice Beast         Ice/Summ       8%         N/A       26%         4
 Summon Mana Viper        Hex/Summ       8%         N/A       56%         5
 Yara's Violent Unravell  Hex/Tmut       4%         3d4       56%         5
 Enfeeble                 Hex            4%         N/A       100%        7
 Monstrous Menagerie      Summ           4%         N/A       100%        7
 Ozocubu's Refrigeration  Ice            4%         4d5       100%        7


Dungeon Overview and Level Annotations

Branches:
Dungeon (8/15)             Temple (1/1) D:6
   Lair: D:8-11

Altars:
Ashenzari
Cheibriados
Dithmenos
Elyvilon
Fedhas
Gozag
Hepliaklqana
Kikubaaqudgha
Makhleb
Nemelex Xobeh
Okawaru
Qazlal
Ru
Sif Muna
Trog
Uskayaw
Vehumet
Wu Jian
Xom
Yredelemnul
Zin
The Shining One

Shops:
D:3 :   D:4 *

Annotations:
D:7 2 transporters, Druoop's ghost, novice FoFi


Innate Abilities, Weirdness & Mutations

You cannot be hasted, slowed, berserked, paralysed or teleported.
You can dig through walls and to a lower floor.
You have a pair of large antennae on your head. (SInv)
Your four strong arms can wield two-handed weapons with a shield.


Message History

Here: a yaktaur The floor.
The yaktaur changes into a black mamba!
The black mamba bites you.
You are poisoned.
The black mamba poisons you!
You feel very sick. The black mamba bites you!
You feel very sick. The black mamba bites you.
You are more poisoned.
The black mamba poisons you!
You feel very sick.
You feel very sick. The black mamba bites you.
You see here a yak corpse.
It was a potion of flight.
You feel very buoyant.
You fly up into the air.
You feel very sick.
The black mamba bites you but does no damage.
The black mamba barely misses you.
It was a potion of curing.
You feel better. The black mamba bites you!
You are poisoned.
The black mamba poisons you! The black mamba completely misses you.
It was a potion of berserk rage.
Your stasis prevents you from going berserk.
You feel very sick. The black mamba bites you! x2
It was a potion of haste.
Your stasis prevents you from being hasted.
You feel very sick. The black mamba closely misses you.
You feel better. The black mamba bites you!
You die...
Kikubaaqudgha rasps: "You have failed me!
Welcome... death!"

)... ##..####### ##### ..# ##..##
.# ##..## .# ######..## ##### #
.## ####.)....## #...### ##
..####.........# ##.....#####.
...............## ##........#...
....<..###......####.............
#...............@)...###......[..
##...........####S...# ####...###
##.########## ##...##{{{##### ###
#....# { #....#{ { #....##{
#..#..# #.....# { {{ ##.....# .#


You could see a black mamba shaped shifter.

Vanquished Creatures
  A yak (D:8)
  2 steam dragons
  Duvessa (D:4)
  An ice beast (D:7)
  5 necrophages (D:4)
  2 ogres
  2 centaurs
  2 phantoms
  3 bullfrogs
  6 scorpions
  2 water moccasin zombies (D:6)
  Dowan (D:4)
  A water moccasin skeleton (D:5)
  6 wights
  A jelly (D:4)
  A bullfrog skeleton (D:6)
  2 gnoll shamans
  3 hounds
  An orc priest (D:7)
  5 iguanas
  An orc wizard (D:7)
  A hound zombie (D:4)
  A hound skeleton (D:4)
  A howler monkey zombie (D:7)
  5 gnolls (D:7)
  5 adders
  A white imp (D:6)
  An ufetubus (D:5)
  2 worms
  9 dart slugs
  18 orcs
  11 ball pythons
  6 endoplasms
  5 giant cockroaches
  9 goblins
  9 hobgoblins
  9 jackals
  4 quokkas
  9 bats
  A frilled lizard (D:1)
  A kobold (D:2)
  2 quokka skeletons (D:4)
  4 rats (D:1)
163 creatures vanquished.

Vanquished Creatures (others)
  2 bushes (D:4)
  3 fungi (D:3)
  16 plants
21 creatures vanquished.

Grand Total: 184 creatures vanquished

Notes
Turn   | Place    | Note
-------+----------+-------------------------------------------
     0 | D:1      | DildoBatman the Formicid Conjurer began the quest for the
                  | Orb.
     0 | D:1      | Reached XP level 1. HP: 13/13 MP: 3/3
   142 | D:1      | Reached XP level 2. HP: 14/20 MP: 3/5
   146 | D:1      | Learned a level 2 spell: Searing Ray
   327 | D:1      | Reached skill level 1 in Armour
   344 | D:1      | Reached skill level 1 in Fighting
   344 | D:1      | Reached XP level 3. HP: 21/26 MP: 1/6
   849 | D:2      | Reached XP level 4. HP: 16/32 MP: 2/8
   904 | D:2      | Learned a level 3 spell: Conjure Flame
   936 | D:2      | Found a white marble altar of Elyvilon.
  1008 | D:2      | Noticed a scorpion
  1625 | D:3      | Found a stormy altar of Qazlal.
  1688 | D:3      | Found Jirenic's Book Emporium.
  1759 | D:3      | Found a faded altar of an unknown god.
  1847 | D:3      | Reached XP level 5. HP: 38/38 MP: 5/9
  1867 | D:3      | Noticed a bullfrog
  1871 | D:3      | Reached skill level 3 in Spellcasting
  1874 | D:3      | Killed a bullfrog
  1875 | D:3      | Reached skill level 1 in Fire Magic
  1878 | D:3      | Identified the +2 pair of boots of Altruism {Int+7}
  2380 | D:3      | Reached XP level 6. HP: 46/46 MP: 5/10
  2477 | D:4      | Noticed an ogre
  2482 | D:4      | Killed an ogre
  2487 | D:4      | Found Pepyilepp's Gadget Gallery.
  2674 | D:4      | Found a blossoming altar of Fedhas.
  2713 | D:4      | Found a sparkling altar of Nemelex Xobeh.
  2916 | D:4      | Reached XP level 7. HP: 52/52 MP: 8/12
  3076 | D:4      | You fall into a shaft and drop 2 floors!
  3091 | D:5      | Entered Level 5 of the Dungeon
  3127 | D:4      | Reached skill level 4 in Spellcasting
  3315 | D:4      | Reached skill level 5 in Conjurations
  3939 | D:5      | Noticed Duvessa
  3941 | D:5      | Noticed Dowan
  4586 | D:5      | Reached XP level 8. HP: 49/53 MP: 8/14
  4822 | D:6      | Found a staircase to the Ecumenical Temple.
  4833 | Temple   | Entered the Ecumenical Temple
  4910 | D:6      | Found a hazy altar of Hepliaklqana.
  4919 | D:6      | Reached skill level 5 in Spellcasting
  4954 | D:6      | Found an ancient bone altar of Kikubaaqudgha.
  4962 | D:6      | Became a worshipper of Kikubaaqudgha
  5227 | D:6      | Found a burning altar of Makhleb.
  5482 | D:4      | Reached skill level 6 in Spellcasting
  5482 | D:4      | Reached skill level 5 in Fire Magic
  5513 | D:4      | Reached XP level 9. HP: 63/63 MP: 11/18
  5853 | D:4      | Killed Duvessa
  5853 | D:4      | Killed Dowan
  5854 | D:4      | Reached skill level 7 in Spellcasting
  6246 | D:7      | Reached * piety under Kikubaaqudgha
  6246 | D:7      | Received a gift from Kikubaaqudgha
  6475 | D:7      | Reached skill level 1 in Necromancy
  6833 | D:7      | Noticed Druoop's ghost (novice FoFi)
  6896 | D:7      | Noticed a moth of wrath
  6912 | D:7      | Found a transporter.
  6944 | D:7      | Found a transporter.
  7731 | D:8      | Found a shimmering blue altar of Sif Muna.
  7757 | D:8      | Reached XP level 10. HP: 70/73 MP: 20/20
  7879 | D:8      | Found a sacrificial altar of Ru.
  8014 | D:8      | Reached skill level 5 in Armour
  8033 | D:8      | Reached skill level 5 in Fighting
  8033 | D:8      | Reached skill level 1 in Polearms
  8062 | D:8      | Noticed a yaktaur
  8069 | D:8      | Noticed a black mamba
  8069 | D:8      | a yaktaur changed into a black mamba
  8080 | D:8      | HP: 3/74 [poisoned by a black mamba]
  8081 | D:8      | Slain by a black mamba (shapeshifter)

Illustrated notes

Levels and vault maps discovered:
D:1:      minmay_arrival_up_and_down, layout_rooms, kennysheep_nondescript,
          fountainhead, grunt_decor_arrowhead
D:2:      layout_loops_cross, basic_altar
D:3:      minmay_recursive_quarters, layout_loops_ring,
          nicolae_overflow_crystal_walls, serial_shops, shop,
          shapermc_ecumenical_altar_mp_urbaneastern, kennysheep_generic_room_2
D:4:      layout_basic, fedhas_altar_decomposition, lemuel_doored_altar,
          nicolae_shop_gadgets
D:5:      layout_cave_pools, hangedman_abyss_or_decor_stagger, uniq_duvessa
D:6:      layout_rooms, makhleb_heckhound_becter, mainiacjoe_overflow_alcove_1,
          lemuel_crystal_altar, minmay_temple_entry_trees, st_stairs_10
D:7:      layout_loops_corners, gammafunk_ghost_berserking_beasts
D:8:      layout_layer_cave, mainiacjoe_overflow_surrounded_room,
          nicolae_ru_path_of_blood, lair_entry_dummy, chequers_avenue,
          minmay_pinched_square
Temple:   eino_temple_lava

Skill      XL: |  1  2  3  4  5  6  7  8  9 10 |
---------------+-------------------------------+-----
Dodging        | 2 3 |  3.9
Armour         | 1 2 3 4 5 |  5.1
Fighting       | 1 2 3 4 5 |  5.0
Conjurations   | 4 5 6 |  6.0
Spellcasting   | 3 4 6 7 |  7.0
Fire Magic     | 1 2 3 5 6 |  6.0
Necromancy     | 2 |  2.9
Polearms       | 1 |  1.2
Stealth        | |  2.4

Action                   |  1- 3 |  4- 6 |  7- 9 | 10-12 || total
-------------------------+-------+-------+-------+-------++-------
Melee: Unarmed           |    22 |       |       |       ||    22
       Dagger            |    22 |    45 |    44 |       ||   111
       Punch             |       |     1 |     1 |       ||     2
       Short sword       |       |       |    10 |       ||    10
       Spear             |       |       |    15 |    46 ||    61
 Fire: Hunting sling     |       |    61 |   389 |     1 ||   451
 Cast: Magic Dart        |    25 |    14 |     4 |       ||    43
       Searing Ray       |     7 |    22 |    25 |       ||    54
       Conjure Flame     |       |       |    51 |     7 ||    58
 Abil: Dig               |       |       |     3 |       ||     3
  Use: Scroll            |       |       |     4 |       ||     4
       Potion            |       |       |       |     5 ||     5
 Stab: Sleeping          |     1 |       |       |       ||     1
Armor: Robe              |    20 |    15 |    25 |     1 ||    61
Dodge: Dodged            |    43 |    43 |    68 |     6 ||   160
